 Dungeon Crawl Stone Soup version 0.21.1-1-g345015f (webtiles) character file.

379 LostNumber the Ruffian (level 6, -5/56 HPs)
             Began as a Ghoul Chaos Knight on June 15, 2018.
             Slain by a soul eater (10 damage)
             ... summoned by Xom
             ... on level 3 of the Dungeon.
             The game lasted 00:05:50 (2283 turns).

LostNumber the Ruffian (Ghoul Chaos Knight)         Turns: 2283, Time: 00:05:51

Health: -5/56      AC:  8    Str: 18    XL:     6   Next: 74%
Magic:  5/5        EV:  9    Int:  7    God:    Xom [.....*]
Gold:   165        SH:  0    Dex:  8    Spells: 5/5 levels left

rFire    + . .     SeeInvis .     - Unarmed
rCold    + . .     Gourm    .   (no shield)
rNeg     + + +     Faith    .   j - +1 scale mail
rPois    ∞         Spirit   .   g - +0 helmet
rElec    .         Reflect  .   (no cloak)
rCorr    .         Harm     .   (no gloves)
MR       .....                  (no boots)
Stlth    ..........             (no amulet)
HPRegen  0.00/turn              i - ring of protection from fire
MPRegen  0.09/turn              o - ring of flight

@: rotting
A: rotting body, claws 1, carnivore, cold resistance 1, negative energy
resistance 3, inhibited regeneration, torment resistance, unbreathing
a: Renounce Religion, Evoke Flight


You were on level 3 of the Dungeon.
You worshipped Xom.
You were Xom's teddy bear.
You were not hungry.

You visited 1 branch of the dungeon, and saw 3 of its levels.

You collected 165 gold pieces.

Inventory:

Armour
 a - a +2 leather armour
 e - a +0 plate armour
 g - a +0 helmet (worn)
 j - a +1 scale mail (worn)
Jewellery
 i - a ring of protection from fire (left claw)
 o - a ring of flight (right claw)
Scrolls
 d - a scroll of enchant armour
 f - a scroll of amnesia {unknown}
 h - a scroll of identify {unknown}
 k - a scroll of remove curse
 l - a scroll of teleportation
 n - a scroll of fog {unknown}
Potions
 c - 2 potions of curing
Comestibles
 b - 6 rations
 m - 7 chunks of flesh


   Skills:
 + Level 5.3 Fighting
 - Level 1.7 Armour
 - Level 0.8 Dodging
 * Level 6.9 Unarmed Combat


You had 5 spell levels left.
You didn't know any spells.

Dungeon Overview and Level Annotations

Branches:
Dungeon (3/15)

Altars:
Elyvilon
Kikubaaqudgha
Xom


Innate Abilities, Weirdness & Mutations

Your body is rotting away.
You thrive on raw meat.
You are immune to poison.
You have sharp fingernails.
You are carnivorous and can eat meat at any time.
Your flesh is cold resistant. (rC+)
You are immune to negative energy. (rN+++)
You do not regenerate when monsters are visible.
You are immune to unholy pain and torment.
You can survive without breathing.


Message History

A soul eater is nearby!
Okay, then.
Okay, then.
The soul eater hits you.
You closely miss the soul eater.
You scratch the soul eater but do no damage.
The soul eater hits you!!
You scratch the soul eater but do no damage.
The soul eater closely misses you.
You barely miss the soul eater. The soul eater closely misses you.
You barely miss the soul eater. The soul eater hits you.
You barely miss the soul eater. The soul eater hits you!
You barely miss the soul eater. The soul eater hits you!
* * * LOW HITPOINT WARNING * * *
You scratch the soul eater but do no damage.
The soul eater closely misses you.
You scratch the soul eater but do no damage.
You scratch the soul eater but do no damage.
Your claw misses the soul eater. The soul eater hits you!
You die...

###.###
######### #.#
#.....#
#.......####..
#.###.#
#.......##....
#.# #.##
#.......##.###
#.###..#
#.......##.###
#......#
#.......##.##.
######.#
#.......##.##.
#3#
#.....).##.##.
#@#
######.###....
#.# #.#......
#.# #.#.#####
#.# #.#.# #.#
###.#.# #..
#...#.#
#..#.###.###.#
.#...........#
#
.#######.#####
#


You could see a soul eater.

Vanquished Creatures
  3 vampire bats (D:2)
  Terence (D:3)
  An orc wizard (D:3)
  Robin (D:1)
  4 gnolls (D:2)
  5 adders
  3 worms (D:2)
  A dart slug (D:2)
  4 leopard geckos
  6 orcs (D:3)
  11 bats
  3 bat skeletons (D:2)
  3 bat zombies (D:2)
  3 giant cockroaches
  14 goblins
  8 hobgoblins
  4 jackals (D:1)
  A quokka (D:2)
  A ball python (D:1)
  5 frilled lizards
  9 kobolds
  8 rats
99 creatures vanquished.

Notes
Turn   | Place    | Note
-------+----------+-------------------------------------------
     0 | D:1      | LostNumber the Ghoul Chaos Knight began the quest for the Orb.
     0 | D:1      | Reached XP level 1. HP: 19/19 MP: 0/0
    66 | D:1      | Reached XP level 2. HP: 23/26 MP: 1/1
   158 | D:1      | Reached skill level 4 in Unarmed Combat
   170 | D:1      | Reached XP level 3. HP: 32/33 MP: 2/2
   194 | D:1      | XOM: harmless Fire miscast
   585 | D:1      | XOM: harmless Hex miscast
   638 | D:1      | XOM: divination: detect items
   925 | D:2      | XOM: divination: magic mapping
   941 | D:2      | Reached XP level 4. HP: 36/40 MP: 3/3
   949 | D:2      | XOM: harmless Chrm miscast
  1020 | D:2      | Noticed Robin
  1140 | D:1      | XOM: potion effect (brilliance)
  1152 | D:1      | Reached skill level 5 in Unarmed Combat
  1191 | D:2      | XOM: scenery: create altars
  1271 | D:1      | XOM: cast spell 'Death Channel'
  1286 | D:1      | Killed Robin
  1474 | D:2      | Reached XP level 5. HP: 37/46 MP: 4/4
  1594 | D:2      | Found a white marble altar of Elyvilon.
  1674 | D:2      | XOM: smoke on damage
  1678 | D:2      | Found an ancient bone altar of Kikubaaqudgha.
  1679 | D:2      | Reached skill level 6 in Unarmed Combat
  1692 | D:2      | Reached XP level 6. HP: 43/55 MP: 5/5
  1698 | D:2      | Reached skill level 5 in Fighting
  1714 | D:2      | XOM: cloud trail
  1793 | D:2      | XOM: severe Air miscast
  2127 | D:3      | Noticed Terence
  2131 | D:3      | Killed Terence
  2150 | D:3      | XOM: 7-stop teleportation journey
  2272 | D:3      | XOM: summons 1 hostile demon
  2273 | D:3      | Noticed a soul eater
  2283 | D:3      | Slain by a soul eater

Skill      XL: |  1  2  3  4  5  6 |
---------------+-------------------+-----
Unarmed Combat | 4 5 6 |  6.9
Fighting       | 4 5 |  5.3
Armour         | |  1.7
Dodging        | |  0.8

Action                   |  1- 3 |  4- 6 || total
-------------------------+-------+-------++-------
Melee: Unarmed           |   129 |   217 ||   346
       Punch             |     1 |     1 ||     2
  Use: Scroll            |     1 |     2 ||     3
  Eat: Chunk             |     4 |    13 ||    17
Armor: Leather armour    |    48 |       ||    48
       Scale mail        |     4 |    98 ||   102
Dodge: Dodged            |   104 |   121 ||   225
